MLB
CHICAGO WHITE SOX @ DETROIT TIGERS
08/07/2019
 
TOP OF THE 1ST
Chicago White Sox batting - Pitching for Detroit Tigers : RHP Joe Ross
Pitching: RHP Joe Ross
Batting: RHB Drew Jackson 0-0: Ball
1-0: Called Strike
1-1: Swinging Strike
1-2: Foul Ball, location: 2F
1-2: Strikes out swinging
Batting: LHB Zack Granite 0-0: Fly out, F7 (Line Drive, 7, EV 91.9 MPH)
Batting: RHB Justin Turner 0-0: Called Strike
0-1: Ground out 3-1 (Groundball, 34, EV 99.4 MPH)
Top of the 1st over - 0 runs, 0 hits, 0 errors, 0 left on base; Chicago 0 - Detroit 0
BOTTOM OF THE 1ST
Detroit Tigers batting - Pitching for Chicago White Sox : RHP Aaron Wilkerson
Pitching: RHP Aaron Wilkerson
Batting: RHB Jean Segura 0-0: Called Strike
0-1: Ball
1-1: Bunt for hit to 3S - play at first, batter OUT! 3-4
Batting: RHB Starling Marte 0-0: Called Strike
0-1: Ball
1-1: Ball
2-1: Fly out, F9 (Flyball, 9LSF, EV 93.1 MPH)
Batting: RHB George Springer 0-0: Ball
1-0: Fly out, F8 (Flyball, 78D, EV 93.8 MPH)
Bottom of the 1st over - 0 runs, 0 hits, 0 errors, 0 left on base; Chicago 0 - Detroit 0
TOP OF THE 2ND
Chicago White Sox batting - Pitching for Detroit Tigers : RHP Joe Ross
Batting: LHB Corey Seager 0-0: Swinging Strike
0-1: Swinging Strike
0-2: Ball
1-2: Foul Ball, location: 2F
1-2: Ball
2-2: Ball
3-2: SINGLE (Line Drive, 7LS, EV 95.6 MPH)
Batting: LHB Brandon Belt 0-0: Ball
1-0: SINGLE (Line Drive, 6MD, EV 100.0 MPH)
Corey Seager to second
Batting: SHB Melky Cabrera 0-0: Ball
1-0: Swinging Strike
1-1: Fly out, F8 (Line Drive, 8LD, EV 91.9 MPH)
Batting: RHB Jose Trevino 0-0: Called Strike
0-1: Fly out, F6 (Popup, P, EV 80.0 MPH)
Batting: LHB Andrew Toles 0-0: Ball
1-0: Ball
2-0: Swinging Strike
2-1: Ball
3-1: Called Strike
3-2: Fly out, F7 (Line Drive, 7, EV 96.9 MPH)
Top of the 2nd over - 0 runs, 2 hits, 0 errors, 2 left on base; Chicago 0 - Detroit 0
BOTTOM OF THE 2ND
Detroit Tigers batting - Pitching for Chicago White Sox : RHP Aaron Wilkerson
Batting: RHB Khris Davis 0-0: Fly out, F3 (Popup, 3F, EV 66.9 MPH)
Batting: SHB Kendrys Morales 0-0: Foul Ball, location: 2F
0-1: Ball
1-1: Ball
2-1: Ball
3-1: Ground out 3-1 (Groundball, 34, EV 83.1 MPH)
Batting: LHB Corey Dickerson 0-0: Ball
1-0: DOUBLE (Flyball, 78XD, EV 111.3 MPH)
Batting: RHB J.T. Realmuto 0-0: Called Strike
0-1: Foul Ball, location: 2F
0-2: Ball
1-2: Foul Ball, location: 2F
1-2: Fly out, F8 (Line Drive, 8LD, EV 99.4 MPH)
Bottom of the 2nd over - 0 runs, 1 hit, 0 errors, 1 left on base; Chicago 0 - Detroit 0
TOP OF THE 3RD
Chicago White Sox batting - Pitching for Detroit Tigers : RHP Joe Ross
Batting: LHB Marco Hernandez 0-0: Called Strike
0-1: Foul Ball, location: 2F
0-2: Ball
1-2: Fly out, F8 (Line Drive, 8LM, EV 94.4 MPH)
Batting: RHB Drew Jackson 0-0: Called Strike
0-1: Ball
1-1: Bunt for hit to 2R - play at first, batter OUT! 2-3
Batting: LHB Zack Granite 0-0: Ball
1-0: Ball
2-0: Ball
3-0: Base on Balls
Batting: RHB Justin Turner 0-0: Ball
1-0: Called Strike
1-1: Fly out, F9 (Line Drive, 89S, EV 91.9 MPH)
Top of the 3rd over - 0 runs, 0 hits, 0 errors, 1 left on base; Chicago 0 - Detroit 0
BOTTOM OF THE 3RD
Detroit Tigers batting - Pitching for Chicago White Sox : RHP Aaron Wilkerson
Batting: LHB Kolten Wong 0-0: Ball
1-0: Ball
2-0: Foul Ball, location: 2F
2-1: Ball
3-1: Called Strike
3-2: Strikes out swinging
Batting: RHB J.D. Davis 0-0: Called Strike
0-1: Ball
1-1: Ball
2-1: Called Strike
2-2: Ball
3-2: Base on Balls
Batting: RHB Jean Segura 0-0: Called Strike
J.D. Davis is caught stealing 2nd base 2-4
0-1: Ball
1-1: Swinging Strike
1-2: Strikes out swinging
Bottom of the 3rd over - 0 runs, 0 hits, 0 errors, 0 left on base; Chicago 0 - Detroit 0
TOP OF THE 4TH
Chicago White Sox batting - Pitching for Detroit Tigers : RHP Joe Ross
Batting: LHB Corey Seager 0-0: Ball
1-0: Foul Ball, location: 2F
1-1: Ball
2-1: Swinging Strike
2-2: Ball
3-2: Fly out, F8 (Flyball, 8RM, EV 84.4 MPH)
Batting: LHB Brandon Belt 0-0: Ball
1-0: Ball
2-0: Called Strike
2-1: Ball
3-1: Swinging Strike
3-2: Base on Balls
Batting: SHB Melky Cabrera 0-0: Ball
1-0: Ball
2-0: Foul Ball, location: 2F
2-1: Foul Ball, location: 2F
2-2: 2-RUN HOME RUN (Flyball, 9D, EV 94.4 MPH), Distance : 372 ft
Batting: RHB Jose Trevino 0-0: Ball
1-0: Ball
2-0: Ball
3-0: Called Strike
3-1: DOUBLE (Flyball, 78XD, EV 115.6 MPH)
Batting: LHB Andrew Toles 0-0: Foul Ball, location: 2F
0-1: Ball
1-1: Swinging Strike
1-2: Foul Ball, location: 2F
1-2: Ball
2-2: Foul Ball, location: 2F
2-2: Ball
3-2: Fly out, F8 (Flyball, 8LXD, EV 100.6 MPH)
Runner from 2nd tags up, SAFE at 3rd, no throw by CF
Batting: LHB Marco Hernandez 0-0: Called Strike
0-1: Ball
1-1: Ball
2-1: Reached on error, E5 (Groundball, 56, EV 80.6 MPH)
Jose Trevino scores
Batting: RHB Drew Jackson 0-0: Swinging Strike
0-1: Ball
1-1: Ball
2-1: Called Strike
2-2: Strikes out swinging
Top of the 4th over - 3 runs, 2 hits, 1 error, 1 left on base; Chicago 3 - Detroit 0
BOTTOM OF THE 4TH
Detroit Tigers batting - Pitching for Chicago White Sox : RHP Aaron Wilkerson
Batting: RHB Starling Marte 0-0: SINGLE (Groundball, 34D, EV 98.1 MPH)
Batting: RHB George Springer 0-0: Foul Ball, location: 2F
0-1: Ball
1-1: Ball
2-1: SINGLE (Groundball, 6D, EV 103.8 MPH)
Starling Marte to second
Batting: RHB Khris Davis 0-0: Called Strike
0-1: Ball
Starling Marte is caught stealing 3rd base 2-5
1-1: Fly out, F9 (Flyball, 89M, EV 87.5 MPH)
Batting: SHB Kendrys Morales 0-0: 2-RUN HOME RUN (Line Drive, 7LD, EV 98.1 MPH), Distance : 368 ft
Batting: LHB Corey Dickerson 0-0: Ball
1-0: SINGLE (Groundball, 5D, EV 97.5 MPH)
Batting: RHB J.T. Realmuto 0-0: SINGLE (Flyball, 89M, EV 90.6 MPH)
Corey Dickerson to second
Runner from 2nd tries for 3rd, SAFE, throw by CF made to third
Batting: LHB Kolten Wong 0-0: Ball
1-0: Foul Ball, location: 2F
1-1: Ball
2-1: Ball
3-1: Base on Balls
J.T. Realmuto to second
Batting: RHB J.D. Davis 0-0: Foul Ball, location: 2F
0-1: Ball
1-1: Called Strike
1-2: Foul Ball, location: 2F
1-2: Strikes out swinging
Bottom of the 4th over - 2 runs, 5 hits, 0 errors, 3 left on base; Chicago 3 - Detroit 2
TOP OF THE 5TH
Chicago White Sox batting - Pitching for Detroit Tigers : RHP Joe Ross
Batting: LHB Zack Granite 0-0: Bunt - Flyout to 15S! F1
Batting: RHB Justin Turner 0-0: Ball
1-0: Ball
2-0: Foul Ball, location: 2F
2-1: Ground out 6-3 (Groundball, 6, EV 108.8 MPH)
Batting: LHB Corey Seager 0-0: Ball
1-0: Called Strike
1-1: Fly out, F8 (Line Drive, 8RD, EV 108.8 MPH)
Top of the 5th over - 0 runs, 0 hits, 0 errors, 0 left on base; Chicago 3 - Detroit 2
BOTTOM OF THE 5TH
Detroit Tigers batting - Pitching for Chicago White Sox : RHP Aaron Wilkerson
Batting: RHB Jean Segura 0-0: Ball
1-0: Ball
2-0: Ball
3-0: Called Strike
3-1: Foul Ball, location: 2F
3-2: Base on Balls
Batting: RHB Starling Marte 0-0: Ball
1-0: Foul Ball, location: 2F
1-1: Called Strike
1-2: Foul Ball, location: 2F
1-2: Strikes out swinging
Batting: RHB George Springer 0-0: Ball
1-0: Grounds into double play, 6-4-3 (Groundball, 6, EV 80.0 MPH)
Bottom of the 5th over - 0 runs, 0 hits, 0 errors, 0 left on base; Chicago 3 - Detroit 2
TOP OF THE 6TH
Chicago White Sox batting - Pitching for Detroit Tigers : RHP Joe Ross
Pitching: LHP Tyler Lyons
Batting: LHB Brandon Belt 0-0: Ball
1-0: Ball
2-0: Ball
3-0: Foul Ball, location: 2F
3-1: Fly out, F8 (Flyball, 8LS, EV 78.8 MPH)
Batting: SHB Melky Cabrera 0-0: Ball
1-0: Ball
2-0: Called Strike
2-1: Ball
3-1: Base on Balls
Batting: RHB Jose Trevino 0-0: Ball
1-0: Ground out 5-3 (Groundball, 56, EV 101.3 MPH)
Melky Cabrera to second
Batting: LHB Andrew Toles 0-0: Called Strike
0-1: Swinging Strike
0-2: Ball
1-2: Foul Ball, location: 2F
1-2: Ball
2-2: Fly out, F9 (Flyball, 9LS, EV 85.6 MPH)
Top of the 6th over - 0 runs, 0 hits, 0 errors, 1 left on base; Chicago 3 - Detroit 2
BOTTOM OF THE 6TH
Detroit Tigers batting - Pitching for Chicago White Sox : RHP Aaron Wilkerson
Batting: RHB Khris Davis 0-0: Ball
1-0: Swinging Strike
1-1: Foul Ball, location: 2F
1-2: Ball
2-2: Ball
3-2: Base on Balls
Batting: SHB Kendrys Morales 0-0: Ball
1-0: Grounds into double play, 5-4-3 (Groundball, 56S, EV 90.0 MPH)
Batting: LHB Corey Dickerson 0-0: Ground out 4-3 (Groundball, 4, EV 84.4 MPH)
Bottom of the 6th over - 0 runs, 0 hits, 0 errors, 0 left on base; Chicago 3 - Detroit 2
TOP OF THE 7TH
Chicago White Sox batting - Pitching for Detroit Tigers : LHP Tyler Lyons
Pitching: RHP Brian Ellington
Batting: LHB Marco Hernandez 0-0: Ball
1-0: Swinging Strike
1-1: Swinging Strike
1-2: Ball
2-2: Ball
3-2: Base on Balls
Batting: RHB Drew Jackson 0-0: Foul Ball, location: 2F
0-1: Ball
1-1: Fly out, F6 (Popup, 6S, EV 63.8 MPH)
Batting: LHB Zack Granite 0-0: SINGLE (Line Drive, 5D, EV 98.1 MPH)
Marco Hernandez to second
Batting: RHB Justin Turner 0-0: Ball
1-0: Called Strike
1-1: Ball
2-1: Foul Ball, location: 2F
2-2: Ball
3-2: Fly out, F7 (Flyball, 7, EV 81.3 MPH)
Batting: LHB Corey Seager 0-0: Ball
1-0: Ball
2-0: Foul Ball, location: 2F
2-1: Ball
3-1: Base on Balls
Marco Hernandez to third
Zack Granite to second
Batting: LHB Brandon Belt 0-0: Foul Ball, location: 2F
0-1: Ground out 6-3 (Groundball, 6D, EV 102.5 MPH)
Top of the 7th over - 0 runs, 1 hit, 0 errors, 3 left on base; Chicago 3 - Detroit 2
BOTTOM OF THE 7TH
Detroit Tigers batting - Pitching for Chicago White Sox : RHP Aaron Wilkerson
Batting: RHB J.T. Realmuto 0-0: Called Strike
0-1: Fly out, F9 (Flyball, 9LSF, EV 81.9 MPH)
Batting: LHB Kolten Wong 0-0: Swinging Strike
0-1: Swinging Strike
0-2: Ball
1-2: Ball
2-2: Strikes out swinging, 2-3 out at first.
Batting: RHB J.D. Davis 0-0: Ball
1-0: Called Strike
1-1: Foul Ball, location: 2F
1-2: Foul Ball, location: 2F
1-2: Ball
2-2: Ground out 4-3 (Groundball, 34, EV 90.6 MPH)
Bottom of the 7th over - 0 runs, 0 hits, 0 errors, 0 left on base; Chicago 3 - Detroit 2
TOP OF THE 8TH
Chicago White Sox batting - Pitching for Detroit Tigers : RHP Brian Ellington
Pitching: RHP Pedro Baez
Batting: SHB Melky Cabrera 0-0: Called Strike
0-1: Ball
1-1: Ball
2-1: Foul Ball, location: 2F
2-2: Ball
3-2: Foul Ball, location: 2F
3-2: Strikes out swinging
Batting: RHB Jose Trevino 0-0: Swinging Strike
0-1: Called Strike
0-2: Ball
1-2: Strikes out swinging
Batting: LHB Andrew Toles 0-0: Foul Ball, location: 2F
0-1: Called Strike
0-2: Ball
1-2: Foul Ball, location: 2F
1-2: Strikes out swinging
Top of the 8th over - 0 runs, 0 hits, 0 errors, 0 left on base; Chicago 3 - Detroit 2
BOTTOM OF THE 8TH
Detroit Tigers batting - Pitching for Chicago White Sox : RHP Aaron Wilkerson
Pitching: LHP Brian Clark
Batting: RHB Jean Segura 0-0: Called Strike
0-1: Foul Ball, location: 2F
0-2: Ball
1-2: Ball
2-2: Fly out, F8 (Flyball, 8LS, EV 80.6 MPH)
Batting: RHB Starling Marte 0-0: Called Strike
0-1: Ball
1-1: SOLO HOME RUN (Line Drive, 78XD, EV 102.5 MPH), Distance : 414 ft
Batting: RHB George Springer 0-0: Ball
1-0: Ball
2-0: Ball
3-0: Called Strike
3-1: Foul Ball, location: 2F
3-2: Foul Ball, location: 2F
3-2: SINGLE (Line Drive, 8RS, EV 108.8 MPH)
Pitching: RHP Yusmeiro Petit
Batting: RHB Khris Davis 0-0: Fly out, F8 (Flyball, 89S, EV 93.1 MPH)
Batting: SHB Kendrys Morales 0-0: Called Strike
0-1: Foul Ball, location: 2F
0-2: Strikes out swinging
Bottom of the 8th over - 1 run, 2 hits, 0 errors, 1 left on base; Chicago 3 - Detroit 3
TOP OF THE 9TH
Chicago White Sox batting - Pitching for Detroit Tigers : RHP Pedro Baez
Pitching: LHP Zack Britton
Batting: LHB Marco Hernandez 0-0: Ball
1-0: Ball
2-0: Foul Ball, location: 2F
2-1: Called Strike
2-2: Ball
3-2: Strikes out looking
Batting: RHB Drew Jackson 0-0: Swinging Strike
0-1: Ball
1-1: Ball
2-1: Foul Ball, location: 2F
2-2: Strikes out swinging
Pinch Hitting: LHB Michael Brantley 0-0: Called Strike
0-1: Swinging Strike
0-2: Ball
1-2: Strikes out swinging
Top of the 9th over - 0 runs, 0 hits, 0 errors, 0 left on base; Chicago 3 - Detroit 3
BOTTOM OF THE 9TH
Detroit Tigers batting - Pitching for Chicago White Sox : RHP Yusmeiro Petit
Now in LF: Michael Brantley
Batting: LHB Corey Dickerson 0-0: Ball
1-0: Ground out 6-3 (Groundball, 6S, EV 90.0 MPH)
Batting: RHB J.T. Realmuto 0-0: Called Strike
0-1: Ball
1-1: Foul Ball, location: 2F
1-2: Ball
2-2: Strikes out swinging
Batting: LHB Kolten Wong 0-0: DOUBLE (Line Drive, 89D, EV 109.4 MPH)
Batting: RHB J.D. Davis 0-0: Called Strike
0-1: Ball
1-1: Fly out, F3 (Popup, 3SF, EV 78.1 MPH)
Bottom of the 9th over - 0 runs, 1 hit, 0 errors, 1 left on base; Chicago 3 - Detroit 3
TOP OF THE 10TH
Chicago White Sox batting - Pitching for Detroit Tigers : LHP Zack Britton
Pitching: LHP Will Smith
Batting: RHB Justin Turner 0-0: Swinging Strike
0-1: Ball
1-1: Foul Ball, location: 2F
1-2: Strikes out looking
Batting: LHB Corey Seager 0-0: Foul Ball, location: 2F
0-1: Ball
1-1: Ball
2-1: Foul Ball, location: 2F
2-2: Strikes out swinging
Batting: LHB Brandon Belt 0-0: Called Strike
0-1: Ball
1-1: Called Strike
1-2: Ball
2-2: Foul Ball, location: 2F
2-2: Ball
3-2: Strikes out swinging
Top of the 10th over - 0 runs, 0 hits, 0 errors, 0 left on base; Chicago 3 - Detroit 3
BOTTOM OF THE 10TH
Detroit Tigers batting - Pitching for Chicago White Sox : RHP Yusmeiro Petit
Batting: RHB Jean Segura 0-0: Ball
1-0: Ball
2-0: Called Strike
2-1: Ground out 6-3 (Groundball, 6, EV 84.4 MPH)
Batting: RHB Starling Marte 0-0: Ball
1-0: Foul Ball, location: 2F
1-1: Ball
2-1: Swinging Strike
2-2: Ball
3-2: Base on Balls
Pitching: LHP Anderson Severino
Batting: RHB George Springer 0-0: Ball
Starling Marte steals 2nd base
1-0: Called Strike
1-1: Foul Ball, location: 2F
1-2: Ball
2-2: Foul Ball, location: 2F
2-2: Foul Ball, location: 2F
2-2: Foul Ball, location: 2F
2-2: Ball
3-2: Base on Balls
Batting: RHB Khris Davis 0-0: Fly out, F4 (Flyball, 34D, EV 91.3 MPH)
Batting: SHB Kendrys Morales 0-0: Foul Ball, location: 2F
0-1: Fielders Choice at 2nd, 6-4 (Groundball, 6, EV 94.4 MPH)
Bottom of the 10th over - 0 runs, 0 hits, 0 errors, 2 left on base; Chicago 3 - Detroit 3
TOP OF THE 11TH
Chicago White Sox batting - Pitching for Detroit Tigers : LHP Will Smith
Pitching: RHP Hector Neris
Batting: SHB Melky Cabrera 0-0: Ball
1-0: Called Strike
1-1: Ball
2-1: Ground out U3 (Groundball, 34, EV 93.1 MPH)
Batting: RHB Jose Trevino 0-0: Called Strike
0-1: Foul Ball, location: 2F
0-2: Foul Ball, location: 2F
0-2: Ball
1-2: Ball
2-2: DOUBLE (Line Drive, 78D, EV 106.3 MPH)
Batting: LHB Andrew Toles 0-0: Intentional Walk
Batting: LHB Marco Hernandez 0-0: Fly out, F7 (Flyball, 78D, EV 91.9 MPH)
Batting: RHB Drew Jackson 0-0: Called Strike
0-1: Swinging Strike
0-2: Strikes out looking
Top of the 11th over - 0 runs, 1 hit, 0 errors, 2 left on base; Chicago 3 - Detroit 3
BOTTOM OF THE 11TH
Detroit Tigers batting - Pitching for Chicago White Sox : LHP Anderson Severino
Pinch Hitting: RHB Ryon Healy 0-0: Called Strike
0-1: Ball
1-1: Called Strike
1-2: Ball
2-2: Ball
3-2: Ground out 2-3 (Groundball, 15S, EV 60.6 MPH)
Batting: RHB J.T. Realmuto 0-0: Ball
1-0: Ground out 5-3 (Groundball, 5, EV 91.9 MPH)
Batting: LHB Kolten Wong 0-0: Foul Ball, location: 2F
0-1: Ball
1-1: Foul Ball, location: 2F
1-2: SINGLE (Groundball, 56D, EV 101.3 MPH)
Batting: RHB J.D. Davis 0-0: Called Strike
0-1: Ball
1-1: Foul Ball, location: 2F
1-2: Ground out 6-3 (Groundball, 56, EV 102.5 MPH)
Bottom of the 11th over - 0 runs, 1 hit, 0 errors, 1 left on base; Chicago 3 - Detroit 3
TOP OF THE 12TH
Chicago White Sox batting - Pitching for Detroit Tigers : RHP Hector Neris
Now in LF: Roman Quinn
Batting: LHB Michael Brantley 0-0: Ball
1-0: Ball
2-0: Foul Ball, location: 2F
2-1: Fly out, F7 (Line Drive, 7, EV 104.4 MPH)
Batting: RHB Justin Turner 0-0: Ball
1-0: Fly out, F9 (Flyball, 9LM, EV 88.8 MPH)
Batting: LHB Corey Seager 0-0: Ball
1-0: Foul Ball, location: 2F
1-1: Called Strike
1-2: Foul Ball, location: 2F
1-2: Ball
2-2: Ground out 4-3 (Groundball, 4, EV 105.6 MPH)
Top of the 12th over - 0 runs, 0 hits, 0 errors, 0 left on base; Chicago 3 - Detroit 3
BOTTOM OF THE 12TH
Detroit Tigers batting - Pitching for Chicago White Sox : LHP Anderson Severino
Batting: RHB Jean Segura 0-0: Fly out, F9 (Flyball, 9S, EV 73.1 MPH)
Batting: RHB Starling Marte 0-0: Called Strike
0-1: Ball
1-1: Foul Ball, location: 2F
1-2: Foul Ball, location: 2F
1-2: Ball
2-2: Foul Ball, location: 2F
2-2: SINGLE (Groundball, 6MD, EV 99.4 MPH)
Pitching: LHP Blake Weiman
Batting: RHB George Springer 0-0: Ball
Starling Marte steals 2nd base
1-0: Ball
2-0: Foul Ball, location: 2F
2-1: Fly out, F8 (Flyball, 78XD, EV 73.8 MPH)
Runner from 2nd tags up, SAFE at 3rd, no throw by CF
Batting: RHB Khris Davis 0-0: Intentional Walk
Batting: SHB Kendrys Morales 0-0: Called Strike
0-1: Foul Ball, location: 2F
0-2: Reached on error, E6 (Groundball, 6, EV 82.5 MPH)
Starling Marte scores
Monday, November 11th, 2019 - OOTP Baseball 20.7 Build 68